 Dungeon Crawl Stone Soup version 0.29.1-15-g9cfb28693d (webtiles) character file.

Game seed: 12038820101990720367

4052 Hulkazoid the Cleaver (level 10, -3/83 HPs)
             Began as a Minotaur Gladiator on Mar 11, 2023.
             Slain by Harold
             ... wielding a +2 flail of protection
              (20 damage)
             ... on level 10 of the Dungeon on Mar 12, 2023.
             The game lasted 00:27:52 (8277 turns).

Hulkazoid the Cleaver (Minotaur Gladiator)          Turns: 8277, Time: 00:27:53

Health: -3/83      AC:  6    Str: 21    XL:     10   Next: 4%
Magic:  11/11      EV:  9    Int:  7    God:
Gold:   90         SH:  5    Dex: 12    Spells: 9/9 levels left

rFire   + . .      SeeInvis .   y - +7 Singing Sword {vorpal, sonic wave}
rCold   + . .      Faith    .   A - +1 buckler
rNeg    . . .      Spirit   .   t - +0 chain mail {rC+}
rPois   .          Reflect  .   c - +0 hat
rElec   .          Harm     .   (no cloak)
rCorr   .          Rampage  .   (no gloves)
Will    .....                   (no boots)
Stlth   ..........              (no amulet)
HPRegen 0.23/turn               f - ring of protection from fire
MPRegen 0.12/turn               (no ring)

@: corroded
A: horns 2, retaliatory headbutt, subdued magic 1
a: no special abilities


You were on level 10 of the Dungeon.
You visited 1 branch of the dungeon, and saw 10 of its levels.

You collected 371 gold pieces.
You spent 281 gold pieces at shops.

Inventory:

Hand Weapons
 y - the +7 Singing Sword (weapon) {vorpal, sonic wave}
   (You found it on level 5 of the Dungeon)

   It inflicts extra damage upon your enemies.
   It radiates damaging sonic waves as it strikes, especially in combat
   involving dangerous or numerous foes.
Missiles
 e - a javelin
 s - an atropa-tipped dart (quivered)
Armour
 c - a +0 hat (worn)
 t - a +0 chain mail of cold resistance (worn)
 A - a +1 buckler (worn)
Jewellery
 f - a ring of protection from fire (left hand)
 C - a ring of protection from fire
Wands
 k - a wand of flame (10)
Scrolls
 g - a scroll of noise
 j - 2 scrolls of amnesia
 m - 2 scrolls of brand weapon {unknown}
 o - 3 scrolls of fear {unknown}
 p - 2 scrolls of vulnerability {unknown}
 r - 2 scrolls of teleportation {unknown}
 u - 2 scrolls of blinking {unknown}
 v - 3 scrolls of enchant weapon {unknown}
 x - a scroll of magic mapping
Potions
 d - a potion of attraction {unknown}
 i - a potion of curing
 l - a potion of magic {unknown}
 n - 3 potions of haste {unknown}
 z - a potion of degeneration {unknown}


   Skills:
 * Level 6.0 Fighting
 * Level 4.2 Long Blades
 * Level 9.8 Axes
 * Level 4.3 Throwing
 * Level 6.7 Armour
 * Level 5.7 Dodging
 * Level 3.5 Stealth
 * Level 2.0 Shields
 * Level 3.5 Invocations
 * Level 3.1 Evocations


You had 9 spell levels left.
You didn't know any spells.
Your spell library was empty.

Dungeon Overview and Level Annotations

Branches:
Dungeon (10/15)            Temple (0/1) D:5
   Lair: D:8-11         Orc: D:9-12

Altars:
Elyvilon
Trog
Wu Jian
Zin
The Shining One

Shops:
D:4 !   D:5 !

Annotations:
D:8 1 transporter
D:10 Harold


Innate Abilities, Weirdness & Mutations

You have a pair of horns on your head.
You reflexively headbutt those who attack you in melee.
Your spells are a little easier to cast, but a little less powerful.


Message History

Your butterfly disappears in a burst of colours!
You kill your butterfly!
Your butterfly disappears in a burst of colours!
You kill your butterfly!
Your butterfly disappears in a burst of colours!
You kill your butterfly!
Your butterfly disappears in a burst of colours!
You kill your butterfly!
Your butterfly disappears in a burst of colours!
You kill your butterfly!
Your butterfly disappears in a burst of colours!
You have lost your religion!
Harold is heavily wounded.
You hear a shout! x12; You hear a howl!
You hear a shout! x4; You hear a howl!
You hear a shout!
You hear an angry hiss. x2; You hear a bellow! x3
The wyvern bites you but does no damage.
Harold thinks, and says "Perhaps I'll take up carpentry after I'm done here..."
Harold hits you with a +2 flail of protection!!
The wyvern barely misses you. You furiously retaliate!
You headbutt the wyvern, but do no damage.
Harold hits you with a +2 flail of protection!
Unknown command.
You hit Harold.
The Singing Sword roars, "I revel, I sever!"
You send a blast of sound all around you.
Harold is severely wounded.
You kill the wyvern!
Harold is severely wounded.
You hear an angry buzzing noise.
Harold hits you with a +2 flail of protection!
You hit Harold.
Harold is severely wounded.
Harold zaps a wand.
The bolt of acid misses you.
The now-empty wand crumbles to dust.
You hit Harold. Your headbutt misses Harold.
Harold is almost dead.
Harold hits you with a +2 flail of protection!
* * * LOW HITPOINT WARNING * * *
Harold hits you with a +2 flail of protection!!
You die...

.# #.#.# .#### #.#.#
....########.#.##
......#.........#
.#.##.#.........## #
##.##............# .#
##.###....>....#.# ..#
...###.........#.# ...#
#...............@##...(##
##..............@.†......
#.............#..#......
#.###.........##......#.
#.###...#.....>..#####..
#..##.#.#..#[..... .
##.## #...... .....
#..#.....#. #!....
####.#...... .......


You could see Harold.

Vanquished Creatures
  Pikel (D:6)
  A shadow (D:9)
  4 yaks (D:9)
  A wyvern (D:10)
  Eustachio (D:6)
  A steam dragon (D:7)
  The ghost of devnull the Poker, an amateur MfGl (D:3)
  2 water moccasins
  Duvessa (D:5)
  2 orc warriors
  An ice beast (D:6)
  2 ogres
  2 centaurs
  A lemure (D:6)
  A phantom (D:5)
  Blork the orc (D:6)
  A necrophage (D:4)
  A bullfrog (D:8)
  8 scorpions
  Dowan (D:5)
  2 howler monkeys
  5 orc priests
  2 hounds
  An iguana (D:4)
  2 orc wizards
  5 gnolls
  12 adders
  A shadow imp (D:5)
  4 dart slugs
  20 orcs
  7 bats
  9 endoplasms
  7 giant cockroaches
  5 goblins
  9 hobgoblins
  12 jackals
  3 quokkas
  11 ball pythons
  5 frilled lizards (D:2)
  12 kobolds
  8 rats
176 creatures vanquished.

Vanquished Creatures (others)
  3 fungi (D:5)
  19 plants
22 creatures vanquished.

Grand Total: 198 creatures vanquished

Notes
Turn   | Place    | Note
-------+----------+-------------------------------------------
     0 | D:1      | Hulkazoid the Minotaur Gladiator began the quest for the
                  | Orb.
     0 | D:1      | Reached XP level 1. HP: 18/18 MP: 0/0
   144 | D:1      | Reached skill level 4 in Axes
   144 | D:1      | Reached XP level 2. HP: 22/25 MP: 1/1
   550 | D:2      | Reached XP level 3. HP: 24/30 MP: 2/2
   576 | D:2      | Reached skill level 1 in Armour
   622 | D:3      | Reached XP level 4. HP: 34/37 MP: 3/3
   627 | D:3      | Found a runed translucent door.
   640 | D:3      | Noticed devnull's ghost (amateur MfGl)
   706 | D:4      | Found a glowing golden altar of the Shining One.
   732 | D:4      | Reached skill level 5 in Axes
   870 | D:4      | Became a worshipper of the Shining One
   994 | D:4      | Reached skill level 1 in Stealth
  1068 | D:4      | Found an ornate altar of the Wu Jian Council.
  1142 | D:4      | Noticed a scorpion
  1146 | D:4      | Reached XP level 5. HP: 40/45 MP: 4/4
  1248 | D:4      | Found Jeffa's Distillery.
  1280 | D:4      | Bought a potion of berserk rage for 65 gold pieces
  1741 | D:4      | Reached XP level 6. HP: 29/50 MP: 5/5
  1951 | D:4      | Reached skill level 6 in Axes
  2545 | D:3      | You fall into a shaft and drop 3 floors!
  2572 | D:6      | Found a white marble altar of Elyvilon.
  2599 | D:6      | Noticed a water moccasin
  2609 | D:6      | Killed a water moccasin
  2610 | D:6      | Reached skill level 1 in Invocations
  2610 | D:6      | Reached skill level 1 in Evocations
  2804 | D:6      | Noticed Blork the orc
  2812 | D:6      | Reached XP level 7. HP: 33/58 MP: 6/6
  2819 | D:6      | Killed Blork the orc
  3071 | D:6      | Noticed Pikel
  3105 | D:6      | Killed Pikel
  3106 | D:6      | Reached skill level 7 in Axes
  3106 | D:6      | Reached XP level 8. HP: 25/67 MP: 6/8
  3116 | D:6      | Noticed Eustachio
  3126 | D:6      | Killed Eustachio
  3193 | D:6      | Reached skill level 8 in Axes
  3203 | D:6      | Found a bloodstained altar of Trog.
  3653 | D:5      | Entered Level 5 of the Dungeon
  3685 | D:5      | Found a staircase to the Ecumenical Temple.
  3690 | D:5      | Reached * piety under the Shining One
  3801 | D:5      | Reached skill level 5 in Fighting
  3804 | D:5      | Reached skill level 5 in Dodging
  3818 | D:5      | Found Yhowiho's Distillery.
  3823 | D:5      | Bought a potion of heal wounds for 70 gold pieces
  3823 | D:5      | Bought a potion of curing for 42 gold pieces
  3911 | D:5      | Reached skill level 5 in Armour
  3927 | D:5      | Noticed Duvessa
  3927 | D:5      | Noticed Dowan
  3939 | D:5      | Killed Dowan
  3940 | D:5      | Killed Duvessa
  3941 | D:5      | Reached skill level 9 in Axes
  3950 | D:5      | Found a glowing silver altar of Zin.
  4276 | D:5      | Reached XP level 9. HP: 27/74 MP: 8/10
  4608 | D:5      | Found the +7 Singing Sword {vorpal, sonic wave}
  5334 | D:3      | Killed devnull's ghost
  7162 | D:4      | Bought a potion of mutation for 104 gold pieces
  7162 | D:4      | Gained mutation: Your spells are a little easier to cast,
                  | but a little less powerful. [potion of mutation]
  7282 | D:7      | Reached skill level 1 in Long Blades
  7672 | D:8      | Found a transporter.
  7750 | D:9      | Reached skill level 1 in Shields
  7917 | D:9      | Identified the +7 quarterstaff "Virph" {freeze, Dex+3}
  8132 | D:9      | Reached XP level 10. HP: 83/83 MP: 11/11
  8190 | D:10     | Entered Level 10 of the Dungeon
  8263 | D:10     | Noticed Harold
  8274 | D:10     | Was placed under penance by the Shining One
  8274 | D:10     | Fell from the grace of the Shining One
  8277 | D:10     | Slain by Harold

Illustrated notes

Levels and vault maps discovered:
D:1:      onia_arrival_mini_spirals, layout_basic, minmay_stone_trees_small
D:2:      layout_basic, lexackson_kobold_supper
D:3:      layout_basic, ebering_ghost_reflecting_pool, due_unseen_surprise
D:4:      layout_gridville, lemuel_round_altar, tso_metal_star, serial_shops,
          shop
D:5:      old_forge, layout_rooms, lemuel_coloured_pillars_altar,
          minmay_temple_entry_sparse_star, serial_shops,
          nicolae_shop_hallway_plus, uniq_duvessa
D:6:      layout_rooms, mainiacjoe_overflow_cross_hatched,
          mainiacjoe_overflow_boulevard, kennysheep_generic_room_2, uniq_pikel,
          uniq_blork_the_orc, uniq_eustachio
D:7:      layout_loops_corners, nicolae_overflow_two_pavilions,
          minmay_statues_item
D:8:      gammafunk_the_bubble [the_bubble_gammafunk_crates], layout_rooms,
          okawaru_metal_pillars_1_2, lemuel_mausoleum_altar_kikubaaqudgha,
          minmay_misc_feat_x, grunt_ministairs_6, minmay_crystal_water,
          uniq_gastronok
D:9:      layout_roguey, amcnicky_altar_gilded, kennysheep_little_box
D:10:     layout_rooms, mainiacjoe_overflow_alcove_2, david_orc_5, serial_shops,
          shop, gammafunk_ghost_berserking_beasts, uniq_harold

Skill      XL: |  1  2  3  4  5  6  7  8  9 |
---------------+----------------------------+-----
Axes           | 4 5 6 7 9 |  9.8
Armour         | 1 2 3 4 5 6 |  6.7
Dodging        | 4 5 |  5.7
Stealth        | 1 2 3 |  3.5
Fighting       | 3 4 5 6 |  6.0
Invocations    | 1 2 3 |  3.5
Evocations     | 1 2 3 |  3.1
Throwing       | 3 4 |  4.3
Long Blades    | 4 |  4.2
Shields        | 2 |  2.0

Action                   |  1- 3 |  4- 6 |  7- 9 | 10-12 || total
-------------------------+-------+-------+-------+-------++-------
Melee: War axe           |    61 |   111 |   101 |       ||   273
       Headbutt          |     4 |    18 |    41 |     1 ||    64
       Punch             |     1 |     1 |     3 |       ||     5
       Double sword      |       |       |    63 |     7 ||    70
Throw: Throwing net      |       |     3 |     3 |       ||     6
       Boomerang         |       |       |    22 |       ||    22
       Javelin           |       |       |     1 |       ||     1
       Dart              |       |       |     1 |     2 ||     3
Evoke: Wand              |       |       |     3 |       ||     3
  Use: Scroll            |     1 |     4 |     4 |     2 ||    11
       Potion            |     1 |     1 |     4 |     1 ||     7
Armor: Leather armour    |     4 |       |       |       ||     4
       Chain mail        |    53 |    72 |   119 |     2 ||   246
Dodge: Dodged            |    40 |    48 |   103 |     5 ||   196
Block: Buckler           |       |       |    21 |       ||    21
